 Dungeon Crawl Stone Soup version 0.28-a0-769-g550dbda0cd (webtiles) character file.

Game seed: 4512369706483882796

72 hellse the Cudgeller (level 4, -2/28 HPs)
             Began as a Gargoyle Fighter on Oct 31, 2021.
             Slain by Crazy Yiuf (24 damage)
             ... on level 2 of the Dungeon.
             The game lasted 00:01:40 (2576 turns).

hellse the Cudgeller (Gargoyle Fighter)             Turns: 2576, Time: 00:01:41

Health: -2/28      AC: 17    Str: 21    XL:     4   Next: 25%
Magic:  4/4        EV:  6    Int:  8    God:
Gold:   35         SH:  4    Dex:  9    Spells: 3/3 levels left

rFire   . . .      SeeInvis +   a - +0 flail
rCold   . . .      Faith    .   c - +0 buckler
rNeg    + . .      Spirit   .   l - +0 plate armour
rPois   ∞          Reflect  .   k - +0 helmet
rElec   +          Harm     .   (no cloak)
rCorr   .          Rampage  .   (no gloves)
Will    .....                   j - +0 pair of boots
Stlth   ..........              f - amulet of magic regeneration
HPRegen 0.09/turn               m - ring of see invisible
MPRegen 0.34/turn               (no ring)

@: no status effects
A: sickness immunity, AC +3, negative energy resistance 1, electricity
resistance, torment resistance 1, petrification resistance
a: no special abilities


You were on level 2 of the Dungeon.
You visited 1 branch of the dungeon, and saw 2 of its levels.

You collected 35 gold pieces.

Inventory:

Hand Weapons
 a - a +0 flail (weapon)
Armour
 b - a +0 scale mail
 c - a +0 buckler (worn)
 j - a +0 pair of boots (worn)
 k - a +0 helmet (worn)
 l - a +0 plate armour (worn)
Jewellery
 f - an amulet of magic regeneration (around neck)
 m - a ring of see invisible (left hand)
Scrolls
 g - 2 scrolls of identify {unknown}
 i - a scroll of noise {unknown}
 p - a scroll of amnesia {unknown}
Potions
 d - a potion of might
 e - a potion of flight {unknown}
 h - a potion of invisibility {unknown}
 n - a potion of attraction {unknown}
 o - a potion of heal wounds {unknown}


   Skills:
 - Level 3.2 Fighting
 + Level 4.4 Maces & Flails
 - Level 3.2 Armour
 - Level 3.2 Shields


You had 3 spell levels left.
You didn't know any spells.
Your spell library contained the following spells:

 Spells                   Type           Power      Damage    Failure   Level
 Corpse Rot               Necr/Air       0%         N/A       100%        2
 Dispel Undead            Necr           0%         3d6       100%        4
 Death Channel            Necr           0%         N/A       100%        6


Dungeon Overview and Level Annotations

Branches:
Dungeon (2/15)

Altars:

Annotations:
D:2 Crazy Yiuf


Innate Abilities, Weirdness & Mutations

You are immune to sickness and miasma.
Your stone body is resilient. (AC +3)
You are immune to poison.
You resist negative energy. (rN+)
You are resistant to electric shocks. (rElec)
You are resistant to unholy torment.
You are immune to petrification.


Message History

No target in view!
You see here a rat corpse.
A goblin comes into view. It is wielding a +0 dagger.
The goblin unwields a +0 dagger.
The goblin wields a +0 hunting sling.
The goblin shoots a stone.
The stone hits you but does no damage.
A goblin is nearby!
A goblin is nearby!
A goblin is nearby!
A goblin is nearby!
The goblin shoots a stone.
The stone hits you but does no damage.
The goblin shoots a stone.
You block the stone.
The goblin shoots a stone.
The stone hits you.
The goblin shoots a stone.
The stone closely misses you.
The goblin unwields a +0 hunting sling.
The goblin wields a +0 dagger.
The goblin hits you but does no damage.
You miss the goblin. You block the goblin's attack.
You sock the goblin!
You kill the goblin!
No target in view!
Items here: ( )) †.
You open the door.
There is an open door here.
Crazy Yiuf shouts!
Could not explore, unopened runed door.
Could not explore, unopened runed door.
Could not explore, unopened runed door.
No reachable target in view!
You open the door. You hit Crazy Yiuf.
Crazy Yiuf is lightly wounded.
You block Crazy Yiuf's attack.
You hit Crazy Yiuf.
Crazy Yiuf is moderately wounded.
Crazy Yiuf hits you with a +2 quarterstaff of chaos.
Crazy Yiuf burns you.
Your plate armour prevents you from hitting Crazy Yiuf.
Crazy Yiuf is moderately wounded.
Crazy Yiuf hits you but does no damage. Space warps horribly around you!!
Ouch! That really hurt!
You die...

## ##'## #.#
#.####.##.# .###...##
#)# #.........#
|##.....# #.#
#.###.##..# .#......#
### ###......)#
........# ###.#...##
........# #.........
........#### ###
#####...##
.#......+..## ###..)#
######.##
###.......P.####@g...#
#......#
##.........#..##...#
######.#
##+..+.P.#.### ### #.#
#.######### #.# #.#
#.# ####.############
#.# #...............#
#.# #......##.##.####
#.### ##.#...###.##.#
#...>


You could see Crazy Yiuf.

Vanquished Creatures
  An adder (D:2)
  2 worms (D:2)
  A dart slug (D:2)
  3 ball pythons
  9 endoplasms
  3 goblins
  5 hobgoblins
  7 kobolds
  A quokka (D:1)
  7 bats
  2 frilled lizards
  7 rats
48 creatures vanquished.

Vanquished Creatures (others)
  A fungus (D:2)
1 creature vanquished.

Grand Total: 49 creatures vanquished

Notes
Turn   | Place    | Note
-------+----------+-------------------------------------------
     0 | D:1      | hellse the Gargoyle Fighter began the quest for the Orb.
     0 | D:1      | Reached XP level 1. HP: 14/14 MP: 1/1
   473 | D:1      | Reached XP level 2. HP: 19/19 MP: 2/2
   627 | D:1      | Reached skill level 3 in Maces & Flails
   825 | D:1      | Reached XP level 3. HP: 17/23 MP: 3/3
  1695 | D:2      | Found a runed translucent door.
  1696 | D:2      | Noticed Crazy Yiuf
  1938 | D:2      | Reached skill level 4 in Maces & Flails
  1948 | D:2      | Reached XP level 4. HP: 23/28 MP: 4/4
  2576 | D:2      | Slain by Crazy Yiuf

Illustrated notes

Levels and vault maps discovered:
D:1:      sevenhm_arrival_forest_fort_large_4, layout_loops_corners,
          chequers_serial_rivers_large_a
D:2:      layout_loops_corners, uniq_crazy_yiuf_cottage

Skill      XL: |  1  2  3 |
---------------+----------+-----
Maces & Flails | 3 4 |  4.4
Fighting       | |  3.2
Armour         | |  3.2
Shields        | |  3.2

Action                   |  1- 3 |  4- 6 || total
-------------------------+-------+-------++-------
Melee: Flail             |   110 |    27 ||   137
Armor: Scale mail        |    25 |       ||    25
       Plate armour      |    26 |    18 ||    44
Dodge: Dodged            |    44 |    11 ||    55
Block: Buckler           |    22 |     7 ||    29

Table legend: (Time is in decaauts)
 A = Elapsed time spent in this place.
 B = Non-inter-level travel time spent in this place.
 C = Inter-level travel time spent in this place.
 D = Time resting spent in this place.
 E = Time spent auto-exploring this place.
 F = Levels seen in this place.
 G = Mean time per level.
                   A        B        C        D        E       F      G
               +--------+--------+--------+--------+--------+-----+--------+
         Total |   2618 |   2475 |    143 |    210 |   1897 |   2 | 1309.0 |
       Dungeon |   2618 |   2475 |    143 |    210 |   1897 |   2 | 1309.0 |
               +--------+--------+--------+--------+--------+-----+--------+

Top non-repeatable levels by time:
     D:1: 1536 daAuts
     D:2: 1081 daAuts
